 Dungeon Crawl Stone Soup version 0.22-a0-455-ga0624bf (webtiles) character file.

1967 Mgcat the Cleaver (level 9, 0/106 HPs)
             Began as a Hill Orc Berserker on June 5, 2018.
             Was a Priest of Trog.
             Slain by a gargoyle
             ... wielding a +0 morningstar
              (14 damage)
             ... on level 7 of the Dungeon.
             The game lasted 00:08:00 (2524 turns).

Mgcat the Cleaver (Hill Orc Berserker)              Turns: 2524, Time: 00:08:01

Health: 0/106      AC: 10    Str: 28    XL:     9   Next: 19%
Magic:  9/9        EV:  8    Int:  7    God:    Trog [***...]
Gold:   160        SH:  3    Dex: 10    Spells: 8/8 levels left

rFire    . . .     SeeInvis .   a - +0 hand axe (chop)
rCold    . . .     Gourm    .   f - +0 buckler
rNeg     . . .     Faith    .   w - +0 chain mail
rPois    .         Spirit   .   t - +1 helmet
rElec    .         Reflect  .   (no cloak)
rCorr    .         Harm     .   (no gloves)
MR       .....                  (no boots)
Stlth    ..........             q - amulet of regeneration {+regen, !d}
HPRegen  0.67/turn              (no ring)
MPRegen  0.11/turn              (no ring)

@: berserking (expiring), very quick
A: no striking features
a: Berserk, Trog's Hand, Renounce Religion


You were on level 7 of the Dungeon.
You worshipped Trog.
Trog was most pleased with you.
You were very hungry.

You visited 1 branch of the dungeon, and saw 7 of its levels.

You collected 160 gold pieces.

Inventory:

Hand Weapons
 a - a +0 hand axe of chopping (weapon)
   (You took it off an orc on level 3 of the Dungeon)
Missiles
 i - 4 curare-tipped needles
Armour
 f - a +0 buckler (worn)
   (You found it on level 1 of the Dungeon)
 t - a +1 helmet (worn)
   (You found it on level 2 of the Dungeon)
 w - a +0 chain mail (worn)
   (You took it off an orc on level 3 of the Dungeon)
Jewellery
 d - an uncursed amulet of the gourmand {Gourm, !d}
   (You took it off an orc on level 4 of the Dungeon)
 q - an amulet of regeneration (around neck) {+regen, !d}
   (You found it on level 2 of the Dungeon)
Wands
 u - a wand of acid (6)
   (You found it on level 3 of the Dungeon)
Scrolls
 l - 3 scrolls of identify
 s - 2 scrolls of teleportation
Potions
 b - 3 potions of heal wounds
 k - 2 potions of curing
 o - a potion of flight
 r - a potion of brilliance {unknown}
 x - a potion of resistance {unknown}
 z - a potion of lignification {!q}
Comestibles
 c - 6 rations
 g - 2 chunks of flesh {@w0}


   Skills:
 + Level 4.0 Fighting
 - Level 14.7 Axes
 - Level 2.1 Armour
 - Level 1.5 Dodging


You had 8 spell levels left.
You didn't know any spells.
Your spell library contained the following spells:

 Spells                   Type           Power        Failure   Level  Hunger
 Stone Arrow              Conj/Erth      #.....       100%        3    ####...
 Passwall                 Tmut/Erth      #.......     100%        2    ###....
 Lee's Rapid Deconstruct  Erth           #.........   100%        5    ######.
 Sandblast                Erth           #.....       99%         1    ##.....
 Petrify                  Tmut/Erth      #.......     100%        4    #####..


Dungeon Overview and Level Annotations

Branches:
Dungeon (7/15)
 Temple: D:4-7

Altars:
Okawaru
Trog


Message History

You kill the gnoll shaman!
Trog accepts your kill.
You hit the two-headed ogre.
The two-headed ogre is lightly wounded.
You completely miss the two-headed ogre.
The two-headed ogre is lightly wounded.
You feel sick. The two-headed ogre barely misses you.
The two-headed ogre closely misses you.
You slash the two-headed ogre!
The two-headed ogre is moderately wounded.
You slice the two-headed ogre!!
The two-headed ogre is severely wounded.
You closely miss the two-headed ogre.
The two-headed ogre is severely wounded.
The orc priest invokes the aid of Beogh against you.
Beogh smites you!
An adder comes into view.
The orc priest threatens, "By the altar or by the axe, you will meet Beogh!"
You slash the two-headed ogre!
You feel the power of Trog in you as your rage grows.
You kill the two-headed ogre!
Trog accepts your kill.
Training target 14.0 for Axes reached!
Your Axes skill increases to level 14!
You need to enable at least one skill for training.
You have reached level 9!
Your experience leads to an increase in your attributes!
Your base attributes are Str 22, Int 7, Dex 10.
Increase (S)trength, (I)ntelligence, or (D)exterity?
You feel stronger.
You barely miss the gnoll. You slash the gnoll!
The gnoll is severely wounded.
You hit the gnoll.
You kill the gnoll!
Trog accepts your kill.
Your chain mail prevents you from hitting the gnoll.
You hit the gnoll but do no damage.
You feel sick.
The gnoll hits you with a war axe of chopping.
You hit the gnoll.
The gnoll is heavily wounded.
The orc priest shouts, "Join the one true god or die!"
The orc priest calls down the wrath of Beogh upon you.
Beogh smites you!
You hit the gnoll.
You kill the gnoll!
Trog accepts your kill.
The orc priest shouts, "Surrender to Beogh and we'll let you live!"
A gargoyle comes into view. It is wielding a morningstar.
The orc priest closely misses you. The hippogriff bites you!
The hippogriff barely misses you. The hippogriff claws you.
The gargoyle hits you with a morningstar!
There is an open door, spattered with blood here.
Items here: )))) [ † a war axe of chopping; a giant club; a giant spiked club; a whip; a robe a gnoll corpse You barely miss the hippogriff.
You slash the orc priest! You barely miss the gargoyle.
You slice the orc priest!!
You kill the orc priest!
Trog accepts your kill.
Your Fighting skill increases to level 4!
You slash the gargoyle! You hit the hippogriff. The hippogriff bites you.
The hippogriff pecks you.
* * * LOW HITPOINT WARNING * * *
The hippogriff claws you but does no damage.
Your shield and chain mail prevent you from hitting the gargoyle.
The gargoyle is heavily damaged.
You barely miss the adder. You hit the hippogriff.
The gargoyle hits you with a morningstar!
* * * LOW HITPOINT WARNING * * *
The adder bites you but does no damage.
You hit the gargoyle but do no damage.
The gargoyle is heavily damaged.
You slash the adder!
You kill the adder!
Trog accepts your kill.
You hit the hippogriff.
The hippogriff bites you but does no damage.
The hippogriff pecks you but does no damage.
The hippogriff claws you.
* * * LOW HITPOINT WARNING * * *
You hit the gargoyle but do no damage.
The gargoyle is heavily damaged.
You hit the adder skeleton. You slash the hippogriff!
The gargoyle hurls a stone arrow at you.
The stone arrow misses you.
You feel sick.
You are no longer poisoned.
You slash the adder skeleton!
You destroy the adder skeleton!
Trog accepts your kill.
You closely miss the gargoyle.
The gargoyle is heavily damaged.
You hit the gargoyle but do no damage.
The gargoyle is heavily damaged.
You hit the gargoyle.
The gargoyle is heavily damaged.
The gargoyle hits you with a morningstar!
You die...

#....#***,,***+###**'*****'***,,*
#..#.#*,...#,,##.# **,,*8,8,8*,,*
#..#.#*,...#,**..#**,,,*,8,8,*,,*
#..#.####..+,*,#.+*,,,*'8,8,8+,,*
.......##..#,,##.#,,,***,8,8,*,,*
.....#.##..#,##..#,,## *8,8,8*,,*
..####.##..###'#####'###**+***,,*
..* #.##..#.†...#Tg...#*,,,,*,,*
..####.##..#.###@#.H.[.#,*****,,*
...........'#...#9HO.}.+*,,,,+,,*
...###.##..#.###.#o):[.#,*****,,*
.*,* #.##..#.....*.....#*,,,,*,,*
,,,* #.##..###+##*##'###**+***,,*
**,**#.##..#,,,,,*,,...***,* *,,*
*,,,,..##..#,,,,,*,**#.#*,****,,,
,,,**#.##..+,,*,,+,***.+*,***+,,,
,,,,,..*#..#,,,,,*,,**,#,***,*,,,


You could see a two-headed ogre, a hippogriff, an orc warrior and a gargoyle.

Vanquished Creatures
  A two-headed ogre (D:7)
  An ice beast (D:5)
  2 ogres
  A bullfrog (D:7)
  A gnoll sergeant (D:5)
  6 killer bees (D:7)
  2 crimson imps
  3 hounds
  2 orc wizards (D:4)
  2 gnoll shamans
  2 orc priests
  Natasha (twice) (D:3)
  2 worker ants (D:7)
  Robin (D:3)
  11 gnolls
  5 adders
  2 shadow imps
  An adder skeleton (D:7)
  2 dart slugs
  A leopard gecko (D:1)
  13 orcs
  5 bats
  8 giant cockroaches
  14 goblins
  2 hobgoblins
  3 jackals (D:3)
  3 kobolds
  2 quokkas
  A ball python (D:2)
  2 frilled lizards
  A quokka skeleton (D:6)
  4 rats
108 creatures vanquished.

Notes
Turn   | Place    | Note
-------+----------+-------------------------------------------
     0 | D:1      | Mgcat the Hill Orc Berserker began the quest for the Orb.
     0 | D:1      | Reached XP level 1. HP: 19/19 MP: 1/1
   168 | D:1      | HP: 7/28 [leopard gecko (3)]
   171 | D:1      | Reached XP level 2. HP: 10/26 MP: 2/2
   173 | D:1      | Reached skill level 5 in Axes
   565 | D:2      | Found an iron altar of Okawaru.
   591 | D:2      | Reached XP level 3. HP: 30/31 MP: 3/3
  1071 | D:3      | Reached skill level 6 in Axes
  1076 | D:3      | Noticed Natasha
  1086 | D:3      | Killed Natasha
  1086 | D:3      | Reached XP level 4. HP: 39/39 MP: 4/4
  1149 | D:3      | Reached ** piety under Trog
  1153 | D:3      | Found a bloodstained altar of Trog.
  1259 | D:3      | Noticed Natasha
  1267 | D:3      | Killed Natasha
  1267 | D:3      | Reached skill level 7 in Axes
  1288 | D:3      | Noticed Robin
  1293 | D:3      | Reached XP level 5. HP: 37/45 MP: 5/5
  1298 | D:3      | Killed Robin
  1487 | D:3      | Reached skill level 8 in Axes
  1617 | D:4      | Reached XP level 6. HP: 49/51 MP: 6/6
  1772 | D:4      | Reached skill level 9 in Axes
  1784 | D:4      | Reached *** piety under Trog
  1883 | D:4      | Reached skill level 10 in Axes
  1885 | D:4      | Reached XP level 7. HP: 57/57 MP: 7/7
  1946 | D:5      | Entered Level 5 of the Dungeon
  1986 | D:5      | HP: 19/85 [gnoll sergeant/trident of freezing (10)]
  2063 | D:5      | Reached skill level 11 in Axes
  2174 | D:6      | HP: 20/85 [ogre/giant club (18)]
  2175 | D:6      | Reached XP level 8. HP: 23/64 MP: 8/8
  2269 | D:7      | Reached skill level 12 in Axes
  2305 | D:7      | HP: 12/64 [killer bee (7)]
  2493 | D:7      | Reached skill level 13 in Axes
  2494 | D:7      | Noticed a hippogriff
  2495 | D:7      | Noticed a two-headed ogre
  2495 | D:7      | Noticed a hippogriff
  2495 | D:7      | Noticed a troll
  2496 | D:7      | Noticed a two-headed ogre
  2506 | D:7      | Killed a two-headed ogre
  2506 | D:7      | Reached skill level 14 in Axes
  2506 | D:7      | Reached XP level 9. HP: 70/70 MP: 9/9
  2514 | D:7      | Noticed a gargoyle
  2516 | D:7      | Reached skill level 4 in Fighting
  2517 | D:7      | HP: 14/106 [gargoyle/morningstar (14)]
  2524 | D:7      | Slain by a gargoyle

Vault maps used:
D:1:      kennysheep_arrival_seaside, minmay_misc_feat_ornament
D:2:      okawaru_ov_weapons_minmay
D:3:      marbit_many_paths, grunt_decor_clamped, wad_orctagon, uniq_sigmund,
          uniq_robin, uniq_natasha
D:4:      kb_xom_exploding_sheep, minmay_temple_entry_fiery
D:5:      first_ration
D:6:      kennysheep_little_box, kennysheep_slug_shrine, tso_metal_star,
          lemuel_doored_altar, gammafunk_temple_overflow_wave,
          evilmike_ruin_ashenzari
D:7:      minmay_the_grid_square_5x5_3x3, serial_shops, shop, shop_fountains

Skill      XL: |  1  2  3  4  5  6  7  8  9 |
---------------+----------------------------+-----
Axes           | 5 6 7 8 10 11 14 | 14.7
Fighting       | 4 |  4.0
Armour         | |  2.1
Dodging        | |  1.5

Action                   |  1- 3 |  4- 6 |  7- 9 || total
-------------------------+-------+-------+-------++-------
Melee: Hand axe          |    70 |   152 |   145 ||   367
Invok: Berserk           |     3 |     4 |     5 ||    12
       Trog's Hand       |       |       |     3 ||     3
  Use: Scroll            |       |       |     9 ||     9
       Potion            |       |       |     3 ||     3
  Eat: Chunk             |     2 |     7 |     8 ||    17
Armor: Animal skin       |     3 |       |       ||     3
       Ring mail         |    26 |    22 |       ||    48
       Chain mail        |       |    45 |    47 ||    92
       Skin              |       |       |    11 ||    11
Dodge: Dodged            |    43 |    69 |    42 ||   154
Block: Buckler           |     7 |    22 |    12 ||    41

Table legend:
 A = Spawn XP
 B = Non-spawn XP
 C = Spawn XP percentage of total XP
 D = Spawn monster count
 E = Non-spawn monster count
 F = Spawn count percentage of total count
 G = Total turns spent on level
                    A         B        C        D         E        F      G
               +---------+---------+-------+---------+---------+-------+---------
         Total |       0 |    2811 |   0.0 |       0 |     108 |   0.0 |  2524
               +---------+---------+-------+---------+---------+-------+---------
           D:1 |       0 |      21 |   0.0 |       0 |       4 |   0.0 |   412
           D:2 |       0 |      38 |   0.0 |       0 |      16 |   0.0 |   637
           D:3 |       0 |     213 |   0.0 |       0 |      35 |   0.0 |   516
           D:4 |       0 |     455 |   0.0 |       0 |      25 |   0.0 |   454
           D:5 |       0 |     302 |   0.0 |       0 |       6 |   0.0 |   113
           D:6 |       0 |     234 |   0.0 |       0 |       6 |   0.0 |   236
           D:7 |       0 |    1548 |   0.0 |       0 |      16 |   0.0 |   156
               +---------+---------+-------+---------+---------+-------+---------

Vault maps used:
D:1:      kennysheep_arrival_seaside, minmay_misc_feat_ornament
D:2:      okawaru_ov_weapons_minmay
D:3:      marbit_many_paths, grunt_decor_clamped, wad_orctagon, uniq_sigmund,
          uniq_robin, uniq_natasha
D:4:      kb_xom_exploding_sheep, minmay_temple_entry_fiery
D:5:      first_ration
D:6:      kennysheep_little_box, kennysheep_slug_shrine, tso_metal_star,
          lemuel_doored_altar, gammafunk_temple_overflow_wave,
          evilmike_ruin_ashenzari
D:7:      minmay_the_grid_square_5x5_3x3, serial_shops, shop, shop_fountains

Table legend:
 A = Turns spent in this place as a percentage of turns spent in the entire game.
 B = Non-inter-level travel turns spent in this place as a percentage of non-inter-level travel turns spent in the entire game.
 C = Inter-level travel turns spent in this place as a percentage of turns spent in this place.
 D = Turns resting spent in this place as a percentage of non-inter-level travel turns spent in this place.
 E = Turns spent auto-exploring this place as a percentage of non-inter-level travel turns spent in this place.
 F = Non-inter-level travel turns spent in this place divided by the number of levels of this place that you've seen.
                   A       B       C       D       E      F
               +-------+-------+-------+-------+-------+----------------------
         Total | 100.0 | 100.0 |   8.2 |  14.2 |  53.3 | 331.1
       Dungeon | 100.0 | 100.0 |   8.2 |  14.2 |  53.3 | 331.1
               +-------+-------+-------+-------+-------+----------------------

Table legend:
 A = Kills in this place as a percentage of kills in entire the game.
 B = Kills by you in this place as a percentage of kills by you in the entire game.
 C = Kills by friends in this place as a percentage of kills by friends in the entire game.
 D = Other kills in this place as a percentage of other kills in the entire game.
 E = Experience gained in this place as a percentage of experience gained in the entire game.
 F = Experience gained in this place divided by the number of levels of this place that you have seen.
                   A       B       C       D       E      F
               +-------+-------+-------+-------+-------+----------------------
         Total | 100.0 | 100.0 |   N/A |   N/A | 100.0 | 401.6
       Dungeon | 100.0 | 100.0 |   N/A |   N/A | 100.0 | 401.6
               +-------+-------+-------+-------+-------+----------------------
